 Dungeon Crawl Stone Soup version 0.17.1-3-g152610e (webtiles) character file.

175 senseless the Skirmisher (level 5, -6/48 HPs)
             Began as a Draconian Monk on Apr 21, 2016.
             Mangled by an ogre
             ... wielding a +0 giant club
              (17 damage)
             ... on level 4 of the Dungeon.
             The game lasted 00:08:21 (2785 turns).

senseless the Skirmisher (Draconian Monk)           Turns: 2785, Time: 00:08:21

Health: -6/48      AC:  5    Str: 14    XL:     5   Next: 29%
Magic:  5/5        EV: 13    Int: 10    God:
Gold:   194        SH:  0    Dex: 14    Spells: 0 memorised, 4 levels left

rFire  . . .     SeeInvis .       - Unarmed
rCold  . . .     Clarity  .     (armour unavailable)
rNeg   . . .     SustAt   .     (no shield)
rPois  .         Gourm    .     (helmet restricted)
rElec  .         Spirit   .     (no cloak)
rCorr  .         Warding  .     (no gloves)
rMut   .         Stasis   .     (no boots)
MR     .....                    (no amulet)
Stlth  ++........               (no ring)
                                (no ring)

@: not resistant to hostile enchantments, unstealthy
A: unfitting armour, cold-blooded, AC +5
a: no special abilities


You were on level 4 of the Dungeon.
You were hungry.

You visited 1 branch of the dungeon, and saw 4 of its levels.

You collected 194 gold pieces.

Inventory:

Scrolls
 e - a scroll of teleportation {unknown}
 h - a scroll of enchant armour {unknown}
 j - 2 scrolls of identify
Potions
 b - a potion of brilliance
 c - a potion of agility {unknown}
 d - a potion of lignification {unknown}
 f - a potion of might {unknown}
Comestibles
 a - a bread ration
 k - a meat ration


   Skills:
 * Level 5.1 Fighting
 + Level 3.6 Dodging
 - Level 1.7 Stealth
 + Level 4.8 Unarmed Combat


You had 4 spell levels left.
You didn't know any spells.

Dungeon Overview and Level Annotations

Branches:
Dungeon (4/15)
 Temple: D:4-7

Altars:
Dithmenos
Gozag
Yredelemnul

Shops:
D:3 *


Innate Abilities, Weirdness & Mutations

Your plain brown scales are hard (AC +5).
Your body does not fit into most forms of armour.
You are cold-blooded and may be slowed by cold attacks.


Message History

Your Fighting skill increases to level 5!
You barely miss the ogre.
Your tail-slap misses the ogre.
You punch the ogre.
The ogre is lightly wounded.
The ogre hits you with a giant club!
* * * LOW HITPOINT WARNING * * *
It was a potion of curing.
You feel better. The ogre misses you.
You hit the ogre.
The ogre is moderately wounded.
You barely miss the ogre. Your punch misses the ogre.
The ogre is moderately wounded.
The ogre misses you.
You hit the ogre. You tail-slap the ogre.
The ogre is heavily wounded.
The ogre hits you with a giant club!
* * * LOW HITPOINT WARNING * * *
You feel better.
You hit the ogre.
Your tail-slap misses the ogre.
The ogre is severely wounded.
The ogre hits you with a giant club!
You die...

#### #.@# #O##
...######o######
#.............#
#########.#......#
##.#####...#.######
#......o.###.#
#...###### #.#
#..##### ..#


You could see an ogre and an orc.

Vanquished Creatures
  A giant frog skeleton (D:4)
  Ijyb (D:3)
  3 adders (D:2)
  4 gnolls (D:3)
  2 worms (D:2)
  A giant gecko (D:2)
  An orc (D:3)
  5 bats
  5 hobgoblins
  4 kobolds
  A quokka (D:4)
  2 ball pythons
  5 giant cockroaches
  2 giant newts (D:1)
  9 goblins
  4 rats
50 creatures vanquished.

Notes
Turn   | Place    | Note
--------------------------------------------------------------
     0 | D:1      | senseless the Draconian Monk began the quest for the Orb.
     0 | D:1      | Reached XP level 1. HP: 19/19 MP: 1/1
   404 | D:1      | Reached XP level 2. HP: 26/26 MP: 2/2
   781 | D:2      | Found a faded altar to an unknown god.
   974 | D:2      | Found a shadowy altar of Dithmenos.
  1035 | D:2      | Reached XP level 3. HP: 22/33 MP: 3/3
  1642 | D:2      | Found a basalt altar of Yredelemnul.
  1899 | D:3      | Found Gozag's Platinum Reserve.
  1905 | D:3      | Found an opulent altar of Gozag.
  1918 | D:3      | Reached XP level 4. HP: 31/41 MP: 4/4
  2195 | D:3      | Noticed Ijyb
  2208 | D:3      | Killed Ijyb
  2480 | D:3      | Reached XP level 5. HP: 9/47 MP: 5/5
  2743 | D:4      | Noticed an ogre
  2778 | D:4      | Reached skill level 5 in Fighting
  2785 | D:4      | Mangled by an ogre

Action                   |  1- 3 |  4- 6 || total
-------------------------+-------+-------++-------
Melee: Unarmed           |   112 |    67 ||   179
  Use: Scroll            |     4 |       ||     4
       Potion            |       |     2 ||     2
 Stab: Sleeping          |     4 |     1 ||     5
  Eat: Chunk             |     3 |     2 ||     5
